Map: Jardín de sombras

Players

MrFercho

  • Race: Zerg Zerg
  • League: Gold
  • Spawn Location: 11:00

tigro

  • Race: Terran Terran
  • League: Bronze
  • Spawn Location: 7:00

TATORREA

  • Race: Protoss Protoss
  • League: Gold
  • Spawn Location: 5:00

IA (Fácil)

  • Race: Protoss Protoss
  • Spawn Location: 7:00

IA (Fácil)

  • Race: Terran Terran
  • Spawn Location: 1:00

IA (Fácil)

  • Race: Protoss Protoss
  • Spawn Location: 11:00

IA (Fácil)

  • Race: Zerg Zerg
  • Spawn Location: 1:00

IA (Fácil)

  • Race: Protoss Protoss
  • Spawn Location: 5:00

VOD

Have the link to the VOD?

Description

Time

  • Played on: Aug. 5, 2020, 8:37 p.m.
  • Length: 27:04
Show
View Real Time Build Order
Export as new Build Order

MrFercho Zerg 

Build Orders: Pool First, Lurkers 

Get SALT Encoding   

  12  0:23  Spawning Pool  
  11  0:33  Drone  
  11  0:34  Drone x2  
  14  0:45  Overlord  
  14  1:07  Overlord  
  14  1:11  Zergling x2  
  15  1:12  Queen  
  17  1:19  Zergling x2  
  18  1:34  Zergling x2  
  18  1:39  Zergling x2  
  20  1:52  Zergling x2  
  21  2:01  Drone  
  21  2:28  Zergling x8  
  24  2:40  Drone  
  24  2:43  Drone  
  22  3:15  Evolution Chamber  
  22  3:17  Extractor  
  22  3:19  Zergling x12  
  26  3:35  Drone  
  27  3:46  Drone  
  27  3:48  Drone x2  
  30  3:53  Overlord x2  
  29  4:20  Hatchery  
  28  4:37  Hatchery  
  27  4:40  Drone x5  
  27  4:42  Hatchery  
  31  4:49  Metabolic Boost  
  31  4:57  Hatchery  
  30  5:01  Extractor  
  29  5:09  Drone x3  
  32  5:28  Drone x3  
  35  5:48  Drone x4  
  39  5:54  Drone  
  39  5:55  Drone x2  
  39  5:56  Zerg Melee Weapons Level 1  
  42  6:03  Drone x5  
  47  6:10  Lair  
  47  6:25  Roach Warren  
  46  6:30  Evolution Chamber  
  46  6:31  Spine Crawler  
  44  6:44  Drone x12  
  44  6:46  Overlord  
  55  7:16  Extractor  
  55  7:18  Extractor, Queen  
  55  7:31  Hydralisk Den  
  55  7:32  Zerg Missile Weapons Level 1  
  54  7:38  Infestation Pit  
  53  8:02  Drone x3  
  56  8:11  Muscular Augments  
  56  8:15  Hive  
  56  8:17  Queen  
  58  8:28  Lurker Den  
  57  8:34  Queen  
  57  8:36  Queen  
  61  8:42  Drone x11  
  61  8:43  Drone x6  
  61  8:44  Overlord  
  61  8:45  Overlord x3  
  75  9:16  Roach x12  
  98  9:22  Grooved Spines  
  95  9:39  Seismic Spines  
  95  9:44  Spire  
  94  9:47  Spire  
  93  9:57  Extractor  
  93  9:58  Extractor  
  91  10:03  Hydralisk x4  
  99  10:08  Zergling x22  
  110  10:21  Overlord x5  
  110  10:22  Overlord x2  
  110  10:34  Hatchery  
  109  10:36  Adaptive Talons  
  109  10:38  Ultralisk Cavern  
  109  10:42  Lurker x2  
  110  10:49  Extractor, Overseer  
  109  10:53  Extractor  
  109  10:55  Drone x3  
  109  10:56  Drone  
  113  10:57  Drone x2  
  113  11:03  Drone x3  
  117  11:04  Drone  
  117  11:05  Drone x2  
  117  11:07  Drone  
  117  11:08  Drone x12  
  133  11:11  Overlord  
  133  11:34  Hydralisk x11  
  133  11:35  Hydralisk  
  133  11:38  Overlord x2  
  159  11:47  Lurker x2  
  159  12:02  Ultralisk x2  
  162  12:17  Corruptor x2  
  162  12:18  Corruptor  
  166  12:52  Extractor, Hatchery  
  166  12:55  Extractor  
  161  13:06  Greater Spire  
  161  13:08  Zerg Missile Weapons Level 2  
  161  13:09  Zerg Ground Armor Level 1  
  161  13:16  Zerg Flyer Weapons Level 1  
  161  13:17  Evolution Chamber  
  160  13:20  Glial Reconstitution  
  160  13:34  Drone x2  
  160  13:35  Drone x5  
  160  13:36  Drone x3  
  170  13:49  Hatchery  
  170  13:50  Extractor  
  170  13:52  Extractor  
  167  14:07  Corruptor x3  
  167  14:08  Corruptor x5  
  183  14:19  Brood Lord x3  
  183  14:22  Pneumatized Carapace  
  187  14:33  Hydralisk x6  
  199  15:11  Drone  
  189  15:52  Hydralisk  
  189  15:53  Hydralisk x6  
  118  16:19  Hydralisk x16  
  118  16:20  Hydralisk x25  
  200  16:36  Zerg Missile Weapons Level 3, Zerg Ground Armor Level 2  
  200  16:38  Zerg Flyer Weapons Level 2  
  200  16:40  Zerg Flyer Armor Level 1  
  200  16:57  Zerg Melee Weapons Level 2  
  200  17:08  Nydus Network  
  199  17:53  Overseer  
  199  17:54  Overseer x2  
  199  17:55  Overlord x3  
  199  17:56  Overlord  
  199  18:03  Burrow  
  187  18:23  Corruptor x6  
  123  18:59  Ultralisk  
  123  19:00  Ultralisk x4  
  123  19:01  Hydralisk x13  
  123  19:02  Hydralisk  
  159  19:03  Hydralisk x4  
  159  19:04  Hydralisk  
  159  19:05  Hydralisk x2  
  159  19:06  Hydralisk  
  177  19:11  Corruptor x10  
  177  19:12  Corruptor  
  199  19:37  Zerg Melee Weapons Level 3, Zerg Ground Armor Level 3  
  199  19:38  Zerg Flyer Weapons Level 3  
  199  19:39  Zerg Flyer Armor Level 2  
  199  20:25  Hatchery  
  198  20:52  Anabolic Synthesis  
  150  21:34  Chitinous Plating  
  92  21:42  Hydralisk x8  
  92  21:43  Hydralisk x9  
  92  21:44  Hydralisk x4  
  132  21:48  Zergling x12  
  132  21:49  Zergling x12  
  144  22:05  Adrenal Glands  
  142  22:21  Hydralisk x14  
  165  22:41  Corruptor  
  165  22:42  Corruptor x9  
  185  23:01  Overseer  
  187  23:27  Brood Lord x7  
  187  23:30  Extractor  
  187  23:31  Hatchery  
  187  23:33  Extractor  
  196  23:41  Zergling x2  
  196  23:42  Zergling x6  
  200  23:50  Baneling Nest  
  149  24:25  Zergling x20  
  149  24:26  Zergling x48  
  149  24:27  Zergling x42  
  168  24:57  Hydralisk x16  
  194  25:53  Zergling x2  
  194  25:54  Zergling x26  
  155  26:31  Hydralisk x12  
  155  26:32  Hydralisk x9  
Show
View Real Time Build Order
Export as new Build Order

tigro Terran 

Build Orders:  

Get SALT Encoding   

  12  0:13  SCV  
  13  0:16  Supply Depot  
  13  0:25  SCV  
  14  0:37  SCV  
  15  0:44  Barracks  
  16  0:50  SCV  
  16  1:02  SCV  
  16  1:03  Supply Depot  
  17  1:14  SCV  
  18  1:26  SCV  
  18  1:32  Marine  
  20  1:37  Barracks  
  20  1:46  Refinery  
  20  1:49  Marine  
  20  1:54  Refinery  
  21  1:56  SCV  
  22  2:07  Marine  
  23  2:08  SCV  
  22  2:21  SCV  
  22  2:25  Marine  
  21  2:43  Marine  
  21  2:47  Barracks Reactor  
  21  2:49  SCV  
  22  3:02  SCV  
  23  3:10  Marine  
  22  3:14  SCV  
  23  3:25  Marine x2  
  23  3:26  SCV  
  25  3:28  Marine  
  25  3:38  SCV  
  26  3:43  Marine x2  
  26  3:46  Marine  
  29  3:50  SCV  
  28  4:01  Marine x2  
  28  4:03  Orbital Command  
  28  4:04  Marine  
  29  4:19  Marine x2  
  29  4:22  Marine  
  27  4:38  Marine  
  27  4:39  Marine  
  28  4:48  Barracks Tech Lab  
  26  4:56  Marine x2  
  26  5:08  Combat Shield  
  26  5:09  Engineering Bay  
  26  5:12  Marine  
  26  5:14  Marine x2  
  28  5:30  Marine  
  28  5:32  Marine x2  
  30  5:41  Factory  
  27  5:47  Marine, Terran Infantry Weapons Level 1  
  27  5:50  Marine x2  
  26  6:05  Marine  
  26  6:07  Marine  
  26  6:08  Marine  
  27  6:23  Marine  
  27  6:25  Marine x2  
  27  6:27  Stimpack  
  27  6:28  Factory Tech Lab  
  26  6:41  Marine  
  26  6:43  Marine x2  
  25  6:56  Siege Tank  
  25  7:01  Marine x2  
  26  7:10  Marine  
  26  7:15  SCV  
  27  7:19  Marine x2  
  27  7:28  Siege Tank  
  29  7:36  Marine  
  26  7:37  Marine  
  26  7:41  Terran Infantry Armor Level 1  
  24  7:54  Marine x2  
  21  8:09  Hellion  
  21  8:12  Marine x2  
  23  8:13  Marine  
  22  8:30  Hellion, Marine x2  
  22  8:31  Marine  
  22  8:48  Marine  
  22  8:52  Hellion  
  22  9:13  Hellion  
  22  9:35  Hellion, Neosteel Armor  
  22  11:15  Hi-Sec Auto Tracking  
Show
View Real Time Build Order
Export as new Build Order

TATORREA Protoss 

Build Orders:  

Get SALT Encoding   

  12  0:03  Probe  
  13  0:15  Probe  
  13  0:20  Pylon  
  14  0:28  Probe  
  15  0:40  Probe  
  16  0:44  Gateway  
  16  0:52  Probe  
  17  0:59  Gateway  
  17  1:04  Probe  
  18  1:11  Assimilator  
  18  1:17  Pylon  
  18  1:21  Probe  
  19  1:33  Probe  
  19  1:38  Cybernetics Core  
  20  1:41  Assimilator  
  20  1:45  Probe, Zealot  
  23  1:51  Zealot  
  25  1:57  Probe  
  26  2:09  Probe  
  25  2:20  Warp Gate  
  25  2:21  Probe  
  25  2:27  Stalker x2 (Chrono Boost)  
  29  2:34  Probe  
  30  2:46  Probe  
  30  2:49  Stalker  
  31  2:55  Stalker  
  31  3:18  Robotics Facility  
  31  3:20  Gateway  
  31  4:00  Nexus  
  31  4:02  Pylon  
  31  4:05  Pylon  
  31  4:20  Probe  
  31  4:21  Immortal  
  36  4:32  Probe  
  36  4:36  Stalker x2  
  41  4:39  Zealot  
  41  4:45  Probe  
  44  4:57  Probe  
  45  5:00  Observer  
  46  5:09  Probe  
  47  5:18  Probe  
  47  5:21  Immortal, Probe  
  53  5:30  Probe  
  54  5:40  Probe  
  54  5:42  Probe  
  56  5:46  Assimilator  
  56  5:50  Assimilator  
  56  5:52  Probe  
  57  6:03  Probe  
  58  6:04  Probe  
  58  6:07  Twilight Council  
  58  6:08  Forge  
  58  6:09  Forge  
  58  6:11  Forge  
  59  6:15  Probe  
  59  6:16  Probe  
  61  6:35  Protoss Ground Weapons Level 1 (Chrono Boost)  
  61  6:36  Pylon  
  61  6:39  Probe, Protoss Shields Level 1 (Chrono Boost)  
  62  6:40  Pylon  
  62  6:44  Pylon  
  62  6:45  Protoss Ground Armor Level 1 (Chrono Boost)  
  62  6:54  Immortal, Probe x2  
  68  7:06  Probe x2  
  70  7:17  Protoss Air Weapons Level 1  
  70  7:18  Probe  
  71  7:25  Nexus  
  71  7:29  Probe, Stargate  
  72  7:30  Probe, Stargate  
  72  7:32  Charge (Chrono Boost)  
  73  7:41  Probe  
  74  7:45  Immortal  
  74  7:46  Probe  
  79  7:55  Probe  
  80  7:59  Probe  
  81  8:06  Zealot x2  
  81  8:07  Probe  
  86  8:33  Pylon  
  86  8:36  Probe x2  
  86  8:37  Probe  
  86  8:39  Fleet Beacon  
  86  8:40  Pylon  
  89  8:44  Pylon  
  89  8:48  Probe x2  
  89  8:49  Probe  
  89  8:51  Assimilator  
  89  8:53  Templar Archives, Protoss Ground Weapons Level 2 (Chrono Boost)  
  89  8:54  Assimilator, Protoss Ground Armor Level 2 (Chrono Boost)  
  92  8:55  Protoss Shields Level 2 (Chrono Boost)  
  92  9:00  Probe  
  93  9:14  Protoss Air Armor Level 1 (Chrono Boost)  
  93  9:46  Probe x3  
  93  9:47  Nexus  
  93  9:48  Unknown  
  93  9:49  Pylon  
  93  9:52  Void Ray, Pylon  
  100  9:54  Pylon  
  100  9:55  Void Ray  
  100  9:58  Pylon, Probe x3  
  107  10:02  Pylon  
  107  10:08  Pylon  
  107  10:10  Blink, Probe x2  
  107  10:12  Pylon  
  109  10:16  Probe  
  110  10:21  Psionic Storm  
  110  10:25  Probe x2  
  110  10:28  Probe  
  119  10:35  Carrier  
  119  10:37  Probe x2  
  119  10:39  Carrier  
  119  10:40  Probe  
  128  10:51  Probe  
  128  10:52  Gateway, Probe  
  128  10:55  Gateway  
  130  10:58  Gateway, Assimilator  
  130  11:02  Assimilator, Probe  
  132  11:04  Probe  
  132  11:05  Probe  
  132  11:07  Probe  
  134  11:14  Probe  
  135  11:20  Protoss Ground Armor Level 3 (Chrono Boost)  
  135  11:23  Immortal  
  135  11:25  Protoss Air Weapons Level 2 (Chrono Boost)  
  139  11:39  Protoss Ground Weapons Level 3 (Chrono Boost)  
  139  11:45  Protoss Shields Level 3 (Chrono Boost)  
  139  11:51  Zealot x3  
  139  11:52  Zealot x2  
  149  12:02  Carrier (Chrono Boost)  
  149  12:03  Carrier (Chrono Boost)  
  161  12:16  Robotics Bay  
  161  12:19  Pylon  
  161  12:24  Stalker x4  
  161  12:25  Stalker x2  
  161  12:28  Pylon  
  173  12:33  Immortal  
  177  13:07  Stalker  
  177  13:08  Stalker x5  
  189  13:24  Colossus (Chrono Boost)  
  195  13:35  Extended Thermal Lance (Chrono Boost), Zealot x2  
  195  13:39  Nexus  
  195  13:40  Pylon  
  199  13:42  Pylon  
  199  13:56  Gateway  
  199  14:01  Gateway  
  199  14:03  Gateway  
  199  14:08  Gateway x2  
  199  14:10  Gateway  
  199  14:16  Gateway  
  199  14:17  Gateway  
  199  14:20  Gateway  
  199  14:26  Gateway, Cybernetics Core  
  199  14:32  Protoss Air Weapons Level 3 (Chrono Boost)  
  199  14:36  Gateway  
  199  14:41  Gateway  
  199  14:42  Gateway  
  199  14:43  Gateway  
  199  14:47  Gateway x2  
  199  14:51  Gateway  
  199  14:52  Gateway  
  199  14:54  Gateway  
  199  14:57  Gateway  
  199  14:59  Gateway  
  199  15:01  Gravitic Boosters  
  199  15:02  Gateway  
  188  15:58  Zealot x2  
  188  15:59  Zealot x3  
  188  16:00  Zealot x4  
  168  16:50  Nexus  
  168  16:53  Pylon  
  168  16:55  Pylon  
  168  17:07  Pylon  
  168  17:10  Pylon  
  168  17:13  Pylon  
  168  17:15  Pylon  
  168  17:20  Pylon  
  168  17:27  Protoss Air Armor Level 2  
  168  17:36  Assimilator  
  168  17:38  Zealot x2  
  168  17:39  High Templar x3  
  168  17:40  High Templar x6  
  168  17:41  High Templar x5  
  200  17:45  Archon  
  200  17:46  Archon x3  
  200  17:47  Archon x2  
  200  17:48  Archon  
  200  17:49  Nexus  
  200  17:51  Pylon  
  200  17:55  Assimilator  
  200  17:57  Pylon  
  200  18:20  Gateway  
  200  18:23  Nexus  
  200  18:24  Gateway, Assimilator  
  200  18:27  Assimilator, Pylon  
  200  18:28  Gateway  
  200  18:30  Pylon  
  200  18:35  Gateway, Pylon  
  200  18:37  Gateway  
  200  18:39  Stargate  
  200  18:42  Stargate  
  200  18:43  Gateway x2  
  200  18:45  Pylon  
  200  18:46  High Templar  
  200  18:47  Gateway x2  
  186  18:52  Pylon  
  178  18:57  Stargate  
  178  19:04  Assimilator  
  178  19:33  High Templar x4  
  178  19:34  High Templar x5  
  178  19:35  High Templar x2  
  178  19:37  Archon  
  178  19:38  Archon x3  
  200  19:39  Archon  
  198  20:08  Protoss Air Armor Level 3 (Chrono Boost)  
  198  20:17  Zealot  
  190  21:30  Stalker x4  
  190  21:31  Stalker x3  
  190  21:32  Stalker x2  
  178  21:33  Stalker x3  
  178  21:34  Stalker x3  
  174  21:53  Pylon  
  174  21:56  Pylon x2  
  174  21:57  Pylon  
  174  22:01  Pylon  
  174  22:04  Pylon  
  174  22:06  Stalker x3, Pylon  
  174  22:07  Stalker x5, Pylon x2  
  174  22:08  Stalker x3  
  192  22:09  Stalker x2  
  200  22:35  Assimilator  
  200  22:38  Assimilator  
  128  24:37  Stalker x2  
  128  24:38  Stalker x5  
  118  24:39  Stalker x4  
  118  24:40  Stalker x4  
  118  24:41  Stalker  
  124  24:46  Carrier  
  124  24:47  Carrier x3  
  124  25:05  Stalker  
  124  25:06  Stalker x4  
  134  25:08  High Templar x2  
  134  25:09  High Templar x4  
  134  25:10  High Templar x5  
  124  25:35  Stalker x2  
  124  25:36  Stalker x3  
  130  26:03  Stalker  
  130  26:04  Stalker  
  58  26:33  Zealot  
  58  26:34  Zealot x4  
  58  26:35  Zealot x3  
Show
View Real Time Build Order
Export as new Build Order

IA (Fácil) Protoss 

Build Orders:  

Get SALT Encoding   

  12  0:01  Probe  
  13  0:13  Probe  
  14  0:20  Pylon  
  14  0:25  Probe  
  15  0:34  Probe  
  16  0:45  Assimilator  
  16  0:50  Gateway  
  16  0:55  Pylon  
  16  1:17  Assimilator  
  16  1:31  Zealot  
  16  1:44  Cybernetics Core  
  18  1:47  Probe  
  19  2:01  Pylon, Probe  
  20  2:09  Probe  
  21  2:17  Probe  
  21  2:20  Warp Gate  
  21  2:21  Adept  
  24  2:29  Probe  
  25  2:41  Probe  
  26  2:47  Stalker  
  26  3:11  Adept  
  26  3:40  Adept  
  24  4:18  Stalker  
  24  4:34  Stalker  
  26  4:56  Adept  
  24  5:18  Stalker  
  26  5:31  Probe  
  26  5:34  Pylon  
  27  5:35  Robotics Facility  
  27  5:39  Stalker  
  27  5:43  Probe  
  28  5:55  Probe  
  29  6:02  Adept  
  29  6:08  Probe  
  29  6:10  Pylon  
  30  6:23  Stalker, Observer  
  33  6:44  Stalker, Observer  
  34  7:07  Adept  
  36  7:25  Nexus  
  36  7:28  Stalker  
  36  7:48  Stalker  
  38  8:11  Sentry  
  40  8:32  Zealot  
  40  8:38  Probe  
  41  8:42  Probe  
  42  8:50  Probe  
  42  8:54  Adept, Probe  
  46  9:02  Probe  
  47  9:06  Probe  
  48  9:14  Probe  
  48  9:15  Assimilator  
  49  9:18  Assimilator, Probe  
  49  9:24  Probe  
  48  9:30  Probe  
  50  9:32  Probe  
  50  9:38  Probe  
  51  9:40  Probe  
  53  9:46  Probe  
  53  9:52  Probe  
  55  9:57  Probe  
  56  10:04  Probe  
  57  10:09  Protoss Air Weapons Level 1, Probe  
  57  10:10  Warp Prism  
  57  10:13  Stargate  
  60  10:16  Robotics Bay, Probe  
  60  10:19  Pylon  
  60  10:37  Warp Prism  
  60  10:41  Pylon  
  62  10:57  Void Ray  
  62  11:00  Stargate  
  66  11:05  Pylon, Gravitic Boosters  
  66  11:13  Observer  
  67  11:31  Void Ray  
  67  11:34  Observer  
  72  11:49  Stargate  
  72  11:59  Gravitic Drive  
  72  12:01  Phoenix  
  74  12:05  Protoss Air Armor Level 1  
  74  12:26  Void Ray  
  78  12:51  Phoenix  
  80  12:54  Probe  
  59  13:05  Stalker  
  41  13:06  Probe  
  41  13:14  Void Ray  
  41  13:18  Probe  
  42  13:26  Observer  
  45  13:30  Probe  
  50  13:42  Probe  
  51  13:48  Stalker  
  51  13:55  Void Ray, Probe  
  54  14:01  Void Ray  
  54  14:07  Probe  
  59  14:11  Observer  
  59  14:17  Zealot  
  59  14:19  Probe  
  62  14:31  Probe  
  63  14:34  Phoenix  
  65  14:39  Gateway  
  65  14:41  Probe  
  65  14:43  Forge, Zealot  
  68  14:49  Twilight Council  
  68  14:50  Probe  
  68  14:53  Immortal  
  68  14:56  Pylon  
  66  15:03  Sentry  
  68  15:14  Probe  
  68  15:15  Protoss Ground Weapons Level 1  
  69  15:23  Pylon  
  69  15:26  Zealot  
  71  15:31  Gateway  
  71  15:33  Observer  
  71  15:35  Zealot  
  73  15:47  Stalker  
  75  15:55  Zealot  
  77  16:10  Nexus  
  77  16:11  Sentry  
  79  16:22  Nexus  
  79  16:30  Zealot  
  71  16:39  Zealot  
  38  16:47  Sentry  
  38  16:53  Assimilator  
  39  17:08  Protoss Ground Armor Level 1  
  38  17:28  Stalker  
  38  17:29  Observer  
  40  17:37  Stalker  
  42  17:46  Observer, Zealot  
  45  17:55  Zealot  
  47  18:03  Stalker  
  49  18:12  Stalker  
  51  18:21  Stalker  
  53  18:30  Observer  
  53  18:34  Assimilator  
  32  18:42  Zealot  
  32  18:47  Fleet Beacon  
  34  19:11  Stalker  
  34  19:12  Observer  
  34  19:16  Assimilator  
  36  19:23  Zealot  
  38  19:34  Observer  
  38  19:36  Stalker  
  41  19:49  Stalker  
  41  19:52  Probe  
  44  19:56  Probe  
  42  20:11  Pylon  
  37  20:15  Stalker  
  37  20:20  Pylon  
  27  20:44  Pylon  
  26  20:50  Pylon  
  24  21:03  Pylon  
  24  21:06  Pylon  
  24  21:16  Nexus  
  24  21:48  Gateway  
  24  21:57  Pylon  
  24  22:42  Zealot  
  26  22:49  Assimilator  
  26  22:55  Zealot  
  28  23:01  Assimilator  
  28  23:12  Probe  
  29  23:16  Probe  
  29  23:18  Cybernetics Core  
  30  23:21  Gateway  
  30  23:24  Probe  
  30  23:26  Probe  
  32  23:34  Probe  
  32  23:39  Probe  
  33  23:46  Probe  
  34  23:53  Adept  
  34  23:54  Probe  
  38  23:56  Probe  
  38  23:58  Pylon  
  39  24:08  Probe  
  40  24:14  Stalker, Probe  
  43  24:18  Robotics Facility  
  43  24:21  Probe, Stargate  
  43  24:22  Adept  
  46  24:26  Probe  
  47  24:32  Gateway  
  47  24:33  Probe  
  47  24:34  Probe  
  47  24:37  Stalker, Pylon  
  51  24:44  Stalker  
  51  24:45  Probe  
  54  24:47  Probe  
  55  24:57  Probe  
  56  25:00  Adept  
  56  25:01  Probe  
  56  25:04  Pylon  
  56  25:05  Warp Prism  
  61  25:07  Sentry  
  61  25:13  Probe  
  64  25:15  Void Ray, Probe  
  67  25:25  Probe  
  67  25:28  Forge  
  63  25:30  Stalker  
  63  25:35  Twilight Council  
  65  25:40  Warp Prism  
  65  25:41  Stalker  
  69  25:46  Probe  
  69  25:47  Pylon  
  70  25:50  Probe  
  70  25:51  Sentry  
  73  25:58  Probe  
  73  26:02  Probe  
  75  26:06  Zealot  
  75  26:10  Probe  
  78  26:14  Pylon  
  78  26:17  Templar Archives, Observer  
  79  26:33  Observer  
  80  26:53  High Templar  
  82  27:04  High Templar  
Show
View Real Time Build Order
Export as new Build Order

IA (Fácil) Terran 

Build Orders:  

Get SALT Encoding   

  12  0:01  SCV  
  13  0:13  SCV  
  14  0:19  Supply Depot  
  14  0:25  SCV  
  15  0:41  SCV  
  16  0:44  Barracks  
  16  0:47  Refinery  
  16  1:11  Supply Depot  
  16  1:22  Refinery  
  16  1:30  Orbital Command  
  16  1:31  Barracks Tech Lab  
  16  1:49  Marine  
  17  2:12  Marauder  
  17  2:14  Supply Depot  
  19  2:18  SCV  
  20  2:30  SCV  
  20  2:35  Marauder  
  23  2:42  SCV  
  24  2:54  SCV  
  24  2:57  Marine  
  26  3:06  SCV  
  27  3:18  SCV  
  28  3:20  Marine  
  29  3:44  Marauder  
  24  4:06  Marine  
  25  4:29  Marine  
  26  4:52  Marine  
  27  5:10  Marine  
  25  5:20  SCV  
  23  5:28  Marine  
  23  5:32  SCV  
  23  5:44  SCV  
  23  5:46  Marine  
  23  5:56  SCV  
  22  6:09  SCV  
  22  6:10  Marauder  
  23  6:21  SCV  
  26  6:32  Marauder  
  26  6:33  SCV  
  27  6:45  SCV  
  28  6:47  Supply Depot  
  28  6:53  Marine  
  29  6:54  Factory  
  29  6:57  SCV  
  29  7:00  Command Center  
  29  7:09  SCV  
  29  7:12  Marauder, Supply Depot  
  26  7:21  SCV  
  17  7:33  Marauder, SCV  
  12  7:45  SCV  
  12  7:54  Marine  
  12  7:57  SCV  
  8  8:10  SCV  
  8  8:12  Marine, SCV  
  6  8:24  SCV  
  5  8:36  SCV  
  5  8:37  Refinery  
  5  8:42  Barracks  
  5  8:48  SCV  
  6  9:00  SCV  
  7  9:13  SCV  
  8  9:29  Marine, SCV  
  10  9:41  SCV  
  10  9:42  Command Center  
  12  9:53  SCV  
  13  10:05  Factory  
  13  10:06  Orbital Command  
  12  10:09  Marine  
  12  10:20  Supply Depot  
  8  10:41  SCV  
  4  10:53  SCV  
Show
View Real Time Build Order
Export as new Build Order

IA (Fácil) Protoss 

Build Orders:  

Get SALT Encoding   

  12  0:01  Probe  
  13  0:13  Probe  
  14  0:20  Pylon  
  14  0:25  Probe  
  15  0:34  Probe  
  16  0:45  Assimilator  
  16  0:52  Gateway  
  16  0:57  Pylon  
  16  1:15  Assimilator  
  16  1:32  Zealot  
  16  1:42  Cybernetics Core  
  16  1:44  Probe  
  19  1:55  Pylon  
  19  1:58  Probe  
  20  2:06  Probe  
  20  2:14  Probe  
  21  2:19  Zealot  
  22  2:27  Probe  
  10  2:41  Probe  
  7  2:45  Adept  
  9  2:53  Probe  
  10  3:05  Probe  
  9  3:17  Probe  
  8  3:29  Probe  
  8  3:41  Probe  
  9  3:53  Probe  
  8  4:04  Probe  
  2  4:12  Probe  
Show
View Real Time Build Order
Export as new Build Order

IA (Fácil) Zerg 

Build Orders: Pool First 

Get SALT Encoding   

  12  0:01  Drone  
  13  0:12  Overlord  
  13  0:17  Drone  
  14  0:30  Drone  
  14  0:35  Drone  
  16  0:42  Spawning Pool  
  15  0:44  Extractor  
  15  0:47  Drone  
  15  0:51  Drone  
  16  0:59  Overlord  
  16  1:29  Zergling x2  
  16  1:31  Queen  
  16  1:32  Roach Warren  
  18  1:33  Extractor  
  18  1:37  Drone  
  18  1:39  Zergling x2  
  19  1:41  Drone  
  20  1:55  Drone  
  21  2:05  Overlord  
  21  2:11  Drone  
  22  2:22  Drone  
  23  2:33  Drone  
  24  2:37  Drone  
  24  2:38  Roach  
  24  2:42  Drone  
  28  3:00  Ravager, Roach  
  31  3:40  Zergling x2  
  28  3:51  Zergling x2  
  29  4:02  Roach  
  31  5:06  Roach  
  33  5:07  Drone  
  33  5:08  Lair, Overlord  
  33  5:13  Drone  
  34  5:24  Roach  
  34  5:26  Drone  
  34  5:28  Overlord  
  36  5:31  Drone  
  34  5:42  Zergling x2  
  31  6:00  Roach  
  33  6:06  Overseer x2  
  33  6:10  Hydralisk Den  
  29  6:18  Roach  
  31  6:35  Roach  
  33  6:49  Hatchery  
  33  6:53  Roach  
  34  7:11  Zergling x2  
  35  7:28  Hydralisk  
  37  7:46  Hydralisk  
  39  8:01  Drone  
  40  8:06  Drone  
  40  8:10  Drone  
  42  8:15  Drone  
  42  8:19  Drone  
  44  8:20  Extractor  
  44  8:21  Extractor  
  44  8:23  Drone  
  43  8:28  Drone  
  43  8:32  Drone  
  45  8:36  Drone  
  45  8:41  Drone  
  47  8:45  Drone  
  48  8:49  Drone  
  48  8:54  Drone  
  50  8:58  Drone  
  50  9:02  Drone  
  52  9:07  Drone  
  52  9:08  Overlord  
  53  9:11  Drone  
  53  9:15  Drone  
  55  9:20  Drone  
  56  9:24  Drone  
  56  9:29  Drone  
  58  9:33  Drone  
  58  9:37  Drone  
  60  9:39  Pneumatized Carapace  
  60  9:40  Overlord, Infestation Pit  
  60  9:41  Overseer  
  60  9:43  Evolution Chamber  
  58  9:59  Overlord, Drone  
  59  10:11  Zerg Melee Weapons Level 1  
  59  10:23  Hive  
  59  11:36  Ultralisk Cavern  
  58  12:02  Zergling x2  
  58  12:05  Zerg Ground Armor Level 1  
  52  12:23  Hydralisk  
  47  12:44  Hydralisk  
  49  13:06  Ultralisk  
  55  13:20  Hatchery  
  54  13:28  Ultralisk  
  60  13:59  Zerg Missile Weapons Level 1  
  60  14:03  Zergling x2  
  60  14:05  Overlord  
  60  14:06  Spire  
  60  14:08  Zergling x2  
  61  14:12  Zergling x2  
  63  14:17  Zergling x2  
  63  14:21  Zergling x2  
  63  14:23  Overlord  
  63  14:26  Zergling x2  
  63  14:28  Overseer  
  63  14:30  Zergling x2  
  55  14:33  Drone  
  55  14:35  Zergling x2  
  55  14:37  Drone  
  58  14:40  Zergling x2, Extractor  
  58  14:42  Drone  
  58  14:43  Extractor  
  58  14:45  Zergling x2  
  59  14:46  Drone  
  59  14:51  Drone  
  61  14:55  Drone  
  61  14:59  Drone  
  63  15:04  Drone  
  64  15:08  Drone  
  64  15:12  Drone  
  66  15:17  Drone  
  66  15:18  Mutalisk  
  69  15:21  Zerg Flyer Weapons Level 1  
  69  15:22  Drone, Mutalisk  
  69  15:27  Mutalisk  
  74  15:28  Overseer  
  74  15:29  Overlord  
  74  15:31  Mutalisk  
  76  15:35  Mutalisk  
  76  15:40  Mutalisk  
  80  15:44  Mutalisk  
  80  15:45  Overseer  
  80  15:47  Overlord  
  80  15:48  Mutalisk  
  84  15:53  Zerg Ground Armor Level 2  
  84  16:28  Hatchery  
  83  17:16  Zerg Flyer Armor Level 1  
  83  17:41  Drone  
  84  17:56  Extractor  
  84  17:57  Drone  
  84  18:01  Extractor, Drone  
  84  18:02  Roach  
  84  18:03  Overlord  
  86  18:08  Hydralisk  
  86  18:09  Zerg Missile Weapons Level 2  
  88  18:15  Roach  
  58  18:21  Hydralisk  
  58  18:25  Overseer  
  60  18:28  Roach  
  62  18:35  Roach  
  64  18:41  Roach  
  64  18:47  Hydralisk  
  68  18:54  Hydralisk  
  70  19:01  Zergling x2  
  71  19:39  Ravager  
  71  19:40  Ravager, Roach  
  75  19:46  Roach  
  77  20:24  Zerg Melee Weapons Level 2  
  77  21:24  Roach  
  79  21:32  Infestor  
  81  21:42  Greater Spire  
  81  21:48  Corruptor  
  81  21:49  Overlord  
  83  22:00  Zergling x2  
  83  22:15  Hydralisk  
  66  22:23  Overseer  
  66  22:24  Overlord, Hydralisk  
  66  22:25  Overseer  
  63  22:33  Hydralisk  
  65  22:42  Overlord, Hydralisk  
  67  22:46  Hatchery  
  67  22:51  Roach  
  68  22:59  Roach  
  68  23:02  Overlord  
  70  23:08  Roach  
  72  23:17  Roach  
  65  23:22  Overseer  
  65  23:23  Overlord  
  65  23:25  Roach  
  53  23:34  Roach  
  55  23:42  Hydralisk  
  55  23:43  Overlord  
  46  23:51  Zergling x2  
  46  23:59  Drone  
  46  24:00  Hydralisk  
  49  24:03  Drone  
  49  24:07  Drone  
  49  24:08  Hydralisk  
  53  24:12  Drone  
  53  24:16  Extractor, Drone  
  54  24:17  Hydralisk  
  54  24:20  Drone  
  57  24:25  Drone  
  57  24:26  Infestor  
  57  24:28  Extractor, Hatchery  
  57  24:29  Drone  
  59  24:34  Drone  
  59  24:35  Roach  
  62  24:38  Drone  
  62  24:41  Extractor  
  62  24:43  Corruptor, Drone  
  65  24:47  Drone  
  65  24:51  Drone  
  67  24:56  Drone  
  67  24:57  Mutalisk  
  70  25:00  Drone  
  70  25:04  Drone  
  72  25:09  Drone  
  72  25:12  Zergling x2  
  72  25:13  Drone  
  75  25:15  Overlord  
  75  25:17  Drone  
  75  25:21  Brood Lord, Drone  
  78  25:26  Drone  
  80  25:31  Infestor, Drone  
  80  25:33  Viper  
  80  25:34  Overlord  
  80  25:35  Drone  
  87  25:40  Infestor  
  89  25:49  Infestor  
  89  25:51  Hatchery  
  89  25:53  Drone  
  91  25:59  Infestor  
Show
View Real Time Build Order
Export as new Build Order

IA (Fácil) Protoss 

Build Orders:  

Get SALT Encoding   

  12  0:01  Probe  
  13  0:13  Probe  
  14  0:19  Pylon  
  14  0:25  Probe  
  15  0:33  Probe  
  16  0:44  Assimilator  
  16  0:49  Gateway  
  16  0:53  Pylon  
  16  1:15  Assimilator  
  16  1:29  Zealot  
  16  1:38  Cybernetics Core  
  18  2:03  Probe  
  18  2:04  Pylon  
  19  2:11  Probe  
  20  2:16  Adept  
  20  2:26  Probe  
  14  2:38  Probe  
  15  2:46  Zealot  
  15  2:50  Probe  
  17  3:01  Probe  
  15  3:09  Probe  
  13  3:15  Stalker  
  13  3:17  Probe  
  14  3:29  Probe  
  11  3:41  Probe  
  10  3:53  Probe  
  4  4:04  Probe  
  3  4:12  Probe  
  4  4:20  Probe  
  3  4:32  Probe  
  3  4:44  Probe  
  3  4:56  Probe  
Tags
 
Add a new tag
Caveats
  • Supply blocks, unpowered buildings, or Contaminate may cause inaccurate times.
  • Supply counts are checked every 10 seconds.